 Dungeon Crawl Stone Soup version 0.31-a0-175-g9f7f995f2b (webtiles) character file.

Game seed: 17534735622465101880

955 qw the Skirmisher (level 8, -3/64 (73) HPs)
             Began as a Naga Hunter on June 16, 2023.
             Slain by a wight
             ... wielding a +3 falchion
              (7 damage)
             ... on level 6 of the Dungeon.
             The game lasted 00:01:40 (3971 turns).

qw the Skirmisher (Naga Hunter)                     Turns: 3971, Time: 00:01:41

HP:   -3/64 (73)    AC: 11    Str: 13    XL:     8   Next: 14%
MP:   8/8           EV:  8    Int:  9    God:
Gold: 403           SH:  0    Dex: 18    Spells: 7/7 levels left

rFire   . . .        Y - +1 shortbow
rCold   . . .        (shield currently unavailable)
rNeg    . . .        c - +0 leather armour
rPois   +            (no helmet)
rElec   .            f - +0 cloak
rCorr   .            (no gloves)
SInv    +            g - +2 barding
Will    +....        (no amulet)
Stlth   ++           (no ring)
HPRegen 0.30/turn    (no ring)
MPRegen 0.11/turn

%: no passive effects
@: about to teleport, heavily drained, very slow
A: AC +2, large, see invisible, deformed body, poison resistance, slowness 2,
spit poison 1, naga tail 1
a: Spit Poison


You were on level 6 of the Dungeon.
You visited 1 branch of the dungeon, and saw 6 of its levels.

You collected 403 gold pieces.


Innate Abilities, Weirdness & Mutations

Your serpentine skin is tough. (AC +2)
You have supernaturally acute eyesight. (SInv)
Armour fits poorly on your strangely shaped body.
Your system is resistant to poisons. (rPois)
You cover ground very slowly.
You can spit poison.
You have a snake-like lower body.


   Skills:
 + Level 4.5 Fighting
 - Level 8.0 Ranged Weapons
 - Level 1.0 Armour
 - Level 2.1 Dodging
 - Level 1.5 Stealth


You had 7 spell levels left.
You didn't know any spells.
Your spell library was empty.

Inventory:

Hand Weapons
 Y - a +1 shortbow (weapon)
Armour
 c - a +0 leather armour (worn)
 f - a +0 cloak (worn)
 g - a +2 barding (worn)
Scrolls
 a - 2 scrolls of identify
Potions
 b - a potion of heal wounds {unknown}
 e - a potion of berserk rage {unknown}
 h - a potion of attraction {unknown}
 i - a potion of mutation {unknown}
 k - a potion of curing {unknown}

Dungeon Overview and Level Annotations

Branches:
Dungeon (6/15)
 Temple: D:4-7

Altars:

Shops:
D:1 *   D:2 [

Annotations:
D:3 2 runed translucent doors, qw's ghost, amateur NaHu


Message History

You shoot an arrow. The arrow barely misses the wight.
The arrow hits the wight.
The wight is lightly damaged.
The wight hits you from afar with a +4 trident!
You feel drained.
You shoot an arrow. The arrow hits the wight.
The wight is severely damaged.
The wight hits you from afar with a +4 trident.
You feel drained.
You shoot an arrow. The arrow hits the wight.
The wight is heavily damaged.
The wight hits you from afar with a +4 trident!
You feel drained.
You shoot an arrow.
The arrow hits the wight but does no damage.
The wight is heavily damaged.
The wight hits you from afar with a +4 trident.
The wight hits you with a +0 great sword!
You shoot an arrow.
The arrow hits the wight but does no damage.
The wight is heavily damaged.
The wight closely misses you. The wight barely misses you.
You shoot an arrow. The arrow closely misses the wight.
The wight closely misses you.
The wight hits you from afar with a +4 trident.
You shoot an arrow. The arrow hits the wight.
The wight is severely damaged.
The wight barely misses you.
The wight hits you with a +0 great sword.
You feel drained.
3970 ||| READING scroll of teleportation.
As you read the scroll of teleportation, it crumbles to dust.
You feel strangely unstable. The wight barely misses you.
The wight hits you with a +0 great sword.
The wight closely misses you.
You shoot an arrow. The arrow hits the wight.
You destroy the wight!
The wight barely misses you. The wight hits you with a +3 falchion!
The wight barely misses you. The wight hits you with a +3 falchion!
You die...

#.# ##...## # #.#
##.....## #.# #.......#
#.# #.......# #.#
#.......# #.# ##.....##
#.# ##...##
#.#####+#######)#######
#..............@.z.....
####...........z.......
#....................
#.###+#######+#######
#.. #.# #. #.


You could see 2 wights.

Vanquished Creatures
  A phantom (D:4)
  A centaur (D:5)
  2 scorpions
  5 wights
  2 jellies (D:5)
  A hound (D:5)
  A sleepcap (D:4)
  4 iguanas
  12 adders
  3 gnolls (D:3)
  2 ufetubi
  3 worms (D:2)
  4 dart slugs
  12 orcs
  8 ball pythons
  7 bats
  9 endoplasms
  3 giant cockroaches
  6 goblins
  9 hobgoblins
  3 jackals (D:2)
  12 kobolds
  4 quokkas
  3 frilled lizards
  5 rats
122 creatures vanquished.

Notes
Turn   | Place    | Note
-------+----------+-------------------------------------------
     0 | D:1      | qw the Naga Hunter began the quest for the Orb.
     0 | D:1      | Reached XP level 1. HP: 19/19 MP: 1/1
     0 | D:1      | 0 ||| qw: Version: 0.2-a-29-g511e9b1
     0 | D:1      | 0 ||| qw: Game counter: 5687
     0 | D:1      | 0 ||| qw: Always use a shield: true
     0 | D:1      | 0 ||| qw: God list: Okawaru
     0 | D:1      | 0 ||| qw: Allow faded altars: false
     0 | D:1      | 0 ||| qw: Do Orc after D:15 true
     0 | D:1      | 0 ||| qw: Do second Lair branch before Depths: true
     0 | D:1      | 0 ||| qw: Lair rune preference: random
     0 | D:1      | 0 ||| qw: Plans: Normal
     0 | D:1      | 0 ||| PLANNING D:1-11
    15 | D:1      | 15 ||| INVOKING Spit Poison.
    27 | D:1      | Found Ysier's General Store.
    38 | D:1      | 38 ||| SHOPLISTING potion of might (44 gold, have 0).
    38 | D:1      | 38 ||| SHOPLISTING scroll of identify (22 gold, have 0).
    69 | D:1      | 69 ||| INVOKING Spit Poison.
    87 | D:1      | Reached skill level 4 in Ranged Weapons
    87 | D:1      | Reached XP level 2. HP: 26/26 MP: 2/2
    87 | D:1      | 87 ||| INVOKING Spit Poison.
   103 | D:1      | 103 ||| INVOKING Spit Poison.
   107 | D:1      | 107 ||| INVOKING Spit Poison.
   113 | D:1      | 113 ||| INVOKING Spit Poison.
   155 | D:1      | 155 ||| FLEEEEING.
   160 | D:1      | 160 ||| FLEEEEING.
   161 | D:1      | 161 ||| FLEEEEING.
   162 | D:1      | 162 ||| FLEEEEING.
   167 | D:1      | 167 ||| INVOKING Spit Poison.
   203 | D:1      | 203 ||| INVOKING Spit Poison.
   236 | D:1      | 236 ||| INVOKING Spit Poison.
   274 | D:1      | 274 ||| INVOKING Spit Poison.
   278 | D:1      | 278 ||| INVOKING Spit Poison.
   453 | D:1      | Reached XP level 3. HP: 32/32 MP: 3/3
   573 | D:1      | 573 ||| INVOKING Spit Poison.
   576 | D:1      | 576 ||| INVOKING Spit Poison.
   577 | D:1      | 577 ||| INVOKING Spit Poison.
   762 | D:1      | 762 ||| INVOKING Spit Poison.
   764 | D:1      | 764 ||| UPGRADING to +0 cloak.
   769 | D:1      | 769 ||| DRINKING 2 emerald potions.
   770 | D:1      | 770 ||| DROPPING scroll of butterflies.
   771 | D:1      | 771 ||| DROPPING potion of degeneration.
   803 | D:2      | 803 ||| INVOKING Spit Poison.
   828 | D:2      | 828 ||| INVOKING Spit Poison.
   858 | D:2      | 858 ||| INVOKING Spit Poison.
   909 | D:2      | Found Zirr's Armour Emporium.
   913 | D:2      | 913 ||| INVOKING Spit Poison.
   917 | D:2      | 917 ||| INVOKING Spit Poison.
   918 | D:2      | 918 ||| INVOKING Spit Poison.
   924 | D:2      | 924 ||| INVOKING Spit Poison.
   929 | D:2      | Reached skill level 5 in Ranged Weapons
   929 | D:2      | Reached XP level 4. HP: 21/39 MP: 4/4
  1001 | D:2      | 1001 ||| SHOPLISTING +2 leather armour of cold resistance
                  | (266 gold, have 109).
  1001 | D:2      | 1001 ||| SHOPLISTING +3 leather armour of positive energy
                  | (294 gold, have 109).
  1017 | D:2      | 1017 ||| INVOKING Spit Poison.
  1020 | D:2      | 1020 ||| INVOKING Spit Poison.
  1062 | D:2      | 1062 ||| INVOKING Spit Poison.
  1087 | D:2      | 1087 ||| INVOKING Spit Poison.
  1220 | D:2      | 1220 ||| INVOKING Spit Poison.
  1242 | D:2      | 1242 ||| INVOKING Spit Poison.
  1269 | D:2      | 1269 ||| INVOKING Spit Poison.
  1347 | D:2      | 1347 ||| INVOKING Spit Poison.
  1351 | D:2      | 1351 ||| INVOKING Spit Poison.
  1360 | D:2      | 1360 ||| INVOKING Spit Poison.
  1363 | D:2      | 1363 ||| INVOKING Spit Poison.
  1381 | D:2      | 1381 ||| INVOKING Spit Poison.
  1389 | D:2      | 1389 ||| READING scroll labelled CUP QYIXIUC.
  1465 | D:3      | 1465 ||| INVOKING Spit Poison.
  1468 | D:3      | 1468 ||| INVOKING Spit Poison.
  1474 | D:3      | 1474 ||| INVOKING Spit Poison.
  1477 | D:3      | Reached skill level 3 in Fighting
  1477 | D:3      | 1477 ||| INVOKING Spit Poison.
  1524 | D:3      | 1524 ||| INVOKING Spit Poison.
  1533 | D:3      | 1533 ||| INVOKING Spit Poison.
  1577 | D:3      | Found a runed translucent door.
  1586 | D:3      | Noticed a bullfrog
  1586 | D:3      | Noticed qw's ghost (amateur NaHu)
  1610 | D:3      | 1610 ||| INVOKING Spit Poison.
  1650 | D:3      | 1650 ||| INVOKING Spit Poison.
  1651 | D:3      | Reached XP level 5. HP: 49/49 MP: 5/5
  1656 | D:3      | 1656 ||| INVOKING Spit Poison.
  1740 | D:3      | 1740 ||| INVOKING Spit Poison.
  1747 | D:3      | 1747 ||| INVOKING Spit Poison.
  1752 | D:3      | 1752 ||| INVOKING Spit Poison.
  1783 | D:3      | 1783 ||| INVOKING Spit Poison.
  1870 | D:3      | 1870 ||| INVOKING Spit Poison.
  2073 | D:3      | 2073 ||| Stepping ~*~*~tactically~*~*~ (outnumbered).
  2074 | D:3      | 2074 ||| INVOKING Spit Poison.
  2081 | D:3      | 2081 ||| INVOKING Spit Poison.
  2092 | D:3      | 2092 ||| INVOKING Spit Poison.
  2131 | D:3      | 2131 ||| INVOKING Spit Poison.
  2134 | D:3      | 2134 ||| INVOKING Spit Poison.
  2186 | D:3      | Found a runed translucent door.
  2208 | D:3      | 2208 ||| READING 2 scrolls labelled TUIFOURPH NOTO.
  2266 | D:3      | 2266 ||| READING scroll labelled TEIKETA BOPT.
  2267 | D:3      | 2267 ||| DRINKING 2 metallic clear potions.
  2287 | D:3      | 2287 ||| DROPPING potion of lignification.
  2313 | D:4      | 2313 ||| INVOKING Spit Poison.
  2320 | D:4      | 2320 ||| INVOKING Spit Poison.
  2385 | D:4      | 2385 ||| INVOKING Spit Poison.
  2389 | D:4      | 2389 ||| INVOKING Spit Poison.
  2391 | D:4      | Reached skill level 6 in Ranged Weapons
  2391 | D:4      | Reached XP level 6. HP: 49/56 MP: 6/6
  2391 | D:4      | 2391 ||| FLEEEEING.
  2396 | D:4      | 2396 ||| INVOKING Spit Poison.
  2417 | D:4      | 2417 ||| INVOKING Spit Poison.
  2441 | D:4      | 2441 ||| INVOKING Spit Poison.
  2458 | D:4      | 2458 ||| INVOKING Spit Poison.
  2521 | D:4      | 2521 ||| INVOKING Spit Poison.
  2589 | D:4      | 2589 ||| INVOKING Spit Poison.
  2713 | D:4      | 2713 ||| INVOKING Spit Poison.
  2719 | D:4      | 2719 ||| INVOKING Spit Poison.
  2724 | D:4      | 2724 ||| INVOKING Spit Poison.
  2739 | D:4      | 2739 ||| INVOKING Spit Poison.
  2750 | D:4      | 2750 ||| INVOKING Spit Poison.
  2773 | D:4      | 2773 ||| INVOKING Spit Poison.
  2786 | D:4      | 2786 ||| INVOKING Spit Poison.
  2812 | D:4      | 2812 ||| INVOKING Spit Poison.
  2818 | D:4      | 2818 ||| INVOKING Spit Poison.
  2863 | D:4      | 2863 ||| INVOKING Spit Poison.
  2945 | D:4      | 2945 ||| UPGRADING to +2 barding.
  2950 | D:4      | 2950 ||| READING 2 scrolls labelled SAOPPISIRR.
  2951 | D:4      | 2951 ||| DROPPING scroll of summoning.
  2976 | D:5      | Entered Level 5 of the Dungeon
  2983 | D:5      | 2983 ||| STAIRDANCE
  3062 | D:5      | 3062 ||| INVOKING Spit Poison.
  3066 | D:5      | Reached skill level 1 in Armour
  3082 | D:5      | 3082 ||| INVOKING Spit Poison.
  3088 | D:5      | 3088 ||| INVOKING Spit Poison.
  3091 | D:5      | 3091 ||| INVOKING Spit Poison.
  3093 | D:5      | Reached XP level 7. HP: 64/64 MP: 7/7
  3118 | D:5      | 3118 ||| INVOKING Spit Poison.
  3123 | D:5      | 3123 ||| INVOKING Spit Poison.
  3220 | D:5      | 3220 ||| INVOKING Spit Poison.
  3277 | D:5      | 3277 ||| INVOKING Spit Poison.
  3301 | D:5      | 3301 ||| INVOKING Spit Poison.
  3304 | D:5      | 3304 ||| INVOKING Spit Poison.
  3305 | D:5      | Reached skill level 7 in Ranged Weapons
  3391 | D:5      | 3391 ||| INVOKING Spit Poison.
  3394 | D:5      | 3394 ||| INVOKING Spit Poison.
  3542 | D:5      | 3542 ||| READING 2 scrolls labelled OKLOFY KEBB.
  3543 | D:5      | 3543 ||| READING scroll labelled QORHOSM DUSEADDIU.
  3544 | D:5      | 3544 ||| READING scroll labelled KEZXONN GUCWO.
  3545 | D:5      | 3545 ||| READING scroll labelled GEUTRI ALOIJ.
  3546 | D:5      | 3546 ||| READING scroll labelled DIGRUI TUENOXU.
  3647 | D:5      | 3647 ||| DROPPING scroll of fear.
  3684 | D:6      | 3684 ||| INVOKING Spit Poison.
  3685 | D:6      | 3685 ||| INVOKING Spit Poison.
  3690 | D:6      | 3690 ||| STAIRDANCE
  3692 | D:5      | 3692 ||| INVOKING Spit Poison.
  3745 | D:6      | 3745 ||| STAIRDANCE
  3849 | D:6      | Reached XP level 8. HP: 72/72 MP: 8/8
  3857 | D:6      | Reached skill level 8 in Ranged Weapons
  3869 | D:6      | 3869 ||| INVOKING Spit Poison.
  3874 | D:6      | 3874 ||| INVOKING Spit Poison.
  3910 | D:6      | 3910 ||| INVOKING Spit Poison.
  3937 | D:6      | 3937 ||| INVOKING Spit Poison.
  3969 | D:6      | HP: 16/65 [wight/+0 great sword (3)]
  3970 | D:6      | 3970 ||| READING scroll of teleportation.
  3971 | D:6      | HP: 4/64 [wight/+3 falchion (9)]
  3971 | D:6      | Slain by a wight

Levels and vault maps discovered:
D:1:      amcnicky_arrival_choice, layout_basic, serial_shops, shop
D:2:      layout_basic, serial_shops, shop, glass_columns_a
D:3:      layout_loops_corners, ebering_ghost_sewer_f
D:4:      layout_basic, minmay_goblin_kobold_house
D:5:      layout_rooms, nrook_loot_triangle
D:6:      kennysheep_six_static_rooms, layout_basic,
          minmay_temple_entry_statues_fountains, minmay_manual_monstrance,
          uniq_blork_the_orc, uniq_eustachio

Skill      XL: |  1  2  3  4  5  6  7  8 |
---------------+-------------------------+-----
Ranged Weapons | 4 5 6 7 8 |  8.0
Fighting       | 3 4 |  4.5
Dodging        | 2 |  2.1
Armour         | 1 |  1.0
Stealth        | |  1.5

Action                     |  1- 3 |  4- 6 |  7- 9 || total
---------------------------+-------+-------+-------++-------
   Fire: Shortbow          |    54 |   156 |    68 ||   278
Ability: Spit Poison       |    20 |    55 |    14 ||    89
    Use: Potion            |     1 |     1 |       ||     2
         Scroll            |       |     4 |     6 ||    10
 Armour: Leather armour    |     7 |    13 |    17 ||    37
  Dodge: Dodged            |    11 |    22 |    25 ||    58

Table legend:
 A = Non-vault XP
 B = Vault XP
 C = Vault XP percentage of total XP
 D = Non-vault monster count
 E = Vault monster count
 F = Vault count percentage of total count
                 A         B        C        D         E       F
            +---------+---------+-------+---------+---------+-------
      Total |    1404 |      39 |   2.7 |     117 |       5 |   4.1
            +---------+---------+-------+---------+---------+-------
        D:1 |      42 |       0 |   0.0 |      21 |       0 |   0.0
        D:2 |      92 |       0 |   0.0 |      26 |       0 |   0.0
        D:3 |     104 |       0 |   0.0 |      25 |       0 |   0.0
        D:4 |     344 |       4 |   1.1 |      25 |       4 |  13.8
        D:5 |     466 |       0 |   0.0 |      13 |       0 |   0.0
        D:6 |     356 |      35 |   9.0 |       7 |       1 |  12.5
            +---------+---------+-------+---------+---------+-------
